 Dungeon Crawl Stone Soup version 0.20-a0-984-ge8aa303 (webtiles) character file.

287313 FastMan the Executioner (level 19, -24/273 HPs)
             Began as a Minotaur Berserker on Apr 10, 2017.
             Was a High Priest of Trog.
             Killed from afar by a golden dragon (46 damage)
             ... with a bolt of fire
             ... on level 5 of the Vaults on Apr 11, 2017.
             The game lasted 00:37:21 (27627 turns).

FastMan the Executioner (Minotaur Berserker)       Turns: 27627, Time: 00:37:22

Health: -24/273    AC: 46    Str: 33    XL:     19   Next: 85%
Magic:  18/18      EV: 27    Int:  4    God:    Trog [*****.]
Gold:   1717       SH:  5    Dex: 20    Spells: 18/18 levels left

rFire    . . .     SeeInvis .   a - +8 executioner's axe (freeze)
rCold    . . .     Gourm    .   (shield currently unavailable)
rNeg     . . .     Faith    .   L - +10 plate armour {ponderous}
rPois    .         Spirit   .   v - +2 hat
rElec    .         Reflect  +   P - +2 cloak
rCorr    .         Harm     .   x - +2 pair of gloves {Str+3}
MR       +....                  N - +2 pair of boots
Stlth    ..........             h - +5 amulet of reflection
Regen    0.6/turn               w - +4 ring of protection
MPRegen  0.2/turn               H - +3 ring of evasion

@: agile, berserking, silence (expiring), marked, very quick
A: retaliatory headbutt, horns 2
}: 2/15 runes: decaying, gossamer
a: Renounce Religion


You were on level 5 of the Vaults.
You worshipped Trog.
Trog was extremely pleased with you.
You were full.

You visited 5 branches of the dungeon, and saw 34 of its levels.
You visited 1 bazaar.

You collected 2233 gold pieces.
You spent 516 gold pieces at shops.

Inventory:

Hand Weapons
 a - a +8 executioner's axe of freezing (weapon)
 J - a +7 battleaxe of flaming
Armour
 n - the +0 pair of boots of Oshumaan {rPois Str-4 Int+8}
   (You acquired it on level 4 of the Lair of Beasts)

   It affects your strength (-4).
   It affects your intelligence (+8).
   It protects you from poison.
 v - a +2 hat (worn)
 x - a +2 pair of gloves of strength (worn)
 L - a +10 plate armour of ponderousness (worn)
 N - a +2 pair of boots (worn)
 P - a +2 cloak (worn)
Jewellery
 h - a +5 amulet of reflection (around neck)
 i - an uncursed ring of protection from cold
 l - an uncursed ring of protection from magic
 w - a +4 ring of protection (left hand)
 H - a +3 ring of evasion (right hand)
Scrolls
 g - a scroll of fear
 k - 3 scrolls of identify {@r1}
 q - 7 scrolls of remove curse {@r2}
 s - a scroll of enchant weapon
 A - 3 scrolls of silence
 D - 3 scrolls of teleportation {@r3}
 E - 2 scrolls of magic mapping
 K - 3 scrolls of enchant armour
 O - 2 scrolls of fog
Potions
 b - a potion of curing {@q1}
 d - 4 potions of ambrosia
 e - a potion of agility {@q5}
 m - 4 potions of lignification
 r - 5 potions of flight
 t - a potion of mutation
 u - 4 potions of haste {@q3}
 B - a potion of berserk rage
 C - 3 potions of invisibility
 F - 4 potions of brilliance {@q6}
Miscellaneous
 I - a phantom mirror
Comestibles
 c - 5 bread rations {@e1}
 f - 6 meat rations {@e2}
 o - 10 fruits {@e4}
 z - 7 royal jellies {@e3}


   Skills:
 + Level 19.1 Fighting
 * Level 26.0 Axes
 + Level 19.5 Armour
 + Level 14.3 Dodging


You had 18 spell levels left.
You didn't know any spells.

Dungeon Overview and Level Annotations

Branches:
Dungeon (15/15)            Temple (0/1) D:4            Lair (6/6) D:8
  Swamp (4/4) Lair:4       Spider (4/4) Lair:2        Slime (0/5) Lair:5
    Orc (0/2) D:12         Vaults (5/5) D:14          Crypt (0/3) Vaults:3
 Depths (0/5) D:15

Altars:
Dithmenos
Elyvilon
Fedhas
Kikubaaqudgha
Makhleb
Uskayaw
The Shining One
Jiyva

Shops:
D:8 *   D:12 [(   D:13 =   Vaults:1 [

Annotations:
Swamp:4 exclusion: Roxanne, Roxanne
Vaults:2 exclusion: orange crystal statue


Innate Abilities, Weirdness & Mutations

You reflexively headbutt those who attack you in melee.
You have a pair of horns on your head.


Message History

The shadow dragon bites you but does no damage.
You block the shadow dragon's attack. The shadow dragon barely misses you.
You block the two-headed ogre's attack. The two-headed ogre closely misses you.
The golden dragon completely misses you. x2
The golden dragon tramples you but does no damage.
The ogre mage misses you. You block the storm dragon's attack.
The storm dragon misses you.
The storm dragon tramples you but does no damage.
Unknown command.
Unknown command.
Okay, then.
Okay, then.
A red film seems to cover your vision as you go berserk!
You feel yourself moving faster!
You feel mighty! The ogre completely misses you. You furiously retaliate!
You headbutt the ogre!
The shadow dragon completely misses you. x2
The shadow dragon barely misses you. The golden dragon breathes fire at you.
The bolt of fire hits you!
You die...

. ..
...##############
..O...p..........
#..#
#O.)...)......
#..# #...ODD..#
#..# ##(OO@D.##
#..# ##.O...#
#..# ##...## #..#
##### #..# #..#
#..# #..# #..#


You could see a shadow dragon, a golden dragon, a storm dragon, a vault warden,
3 two-headed ogres, an ogre mage and 2 ogres.

Vanquished Creatures
  3 ancient liches (Vaults:5)
  Sojobo (Vaults:2)
  the Lernaean hydra (Swamp:4)
  A golden dragon (Vaults:5)
  Rupert (D:12)
  A lich (Vaults:5)
  A tentacled monstrosity (Vaults:4)
  3 thorn hunters (Swamp:3)
  2 sphinxes
  Frances (Swamp:2)
  4 tengu reavers
  Kirke (Lair:4)
  A frost giant (Vaults:5)
  3 ghost moths (Spider:4)
  7 emperor scorpions
  A fire giant (Vaults:4)
  7 vault wardens
  9 ironheart preservers
  4 stone giants
  2 entropy weavers (Spider:3)
  A deep elf annihilator (Vaults:5)
  Snorg (D:12)
  An eidolon (Vaults:3)
  2 ettins
  A crystal guardian (Vaults:4)
  2 fire dragons (Vaults:1)
  A deep elf death mage (Vaults:2)
  7 yaktaur captains
  A deep elf high priest (Vaults:5)
  2 ghost crabs
  13 vault guards
  19 hydras
  3 rakshasas
  An ice dragon (Vaults:2)
  29 two-headed ogres
  2 death knights
  5 alligators
  2 centaur warriors
  10 ogre magi
  A large abomination (Vaults:2)
  4 death yaks (Lair:4)
  2 deep troll earth magi (Vaults:1)
  A vampire mage (D:15)
  2 deep troll shamans (Vaults:1)
  4 spriggans (Swamp:3)
  6 deep elf knights
  9 skeletal warriors
  A storm dragon skeleton (Vaults:4)
  A glowing orange brain (Vaults:3)
  7 deep trolls
  3 unseen horrors
  A flayed ghost (Vaults:1)
  A spriggan druid (Swamp:3)
  13 swamp dragons
  The ghost of LogicNinja the Basher, a novice BuEn (D:8)
  A shambling mangrove (Swamp:3)
  6 necromancers
  3 wizards
  5 phantasmal warriors
  2 deep elf archers (Vaults:2)
  10 orb spiders
  13 ironbrand convokers
  A wolf spider zombie (D:14)
  8 deep elf magi
  4 orc knights
  4 oklob plants (Lair:4)
  10 harpies
  An orb spider (shapeshifter) (Vaults:2)
  13 wolf spiders
  24 ugly things
  3 moths of wrath
  3 cyclopes
  2 manticores
  9 elephants (Lair:5)
  4 black mambas
  2 torpor snails
  9 vault sentinels
  A frost giant skeleton (D:15)
  21 spiny frogs
  A spiny frog (shapeshifter) (D:14)
  A spriggan zombie (D:15)
  A rime drake (Lair:2)
  A centaur skeleton (D:12)
  5 freezing wraiths
  29 yaktaurs
  3 gargoyles
  A kobold demonologist (D:14)
  6 demonic crawlers
  A guardian mummy (D:15)
  4 komodo dragons
  An efreet (D:13)
  2 jumping spiders (shapeshifter)
  4 trolls (D:14)
  8 hornets
  24 jumping spiders
  6 tyrant leeches
  12 bog bodies
  8 hippogriffs
  23 blink frogs
  24 slime creatures
  An ettin zombie (Vaults:4)
  A human simulacrum (Vaults:2)
  2 deep troll zombies
  A frost giant simulacrum (Vaults:1)
  5 wraiths
  14 tarantellas
  3 shadows
  2 wyverns
  43 redbacks
  43 yaks
  4 basilisks
  2 hogs (Lair:4)
  7 swamp worms
  9 vampire mosquitoes
  A soldier ant (D:13)
  An insubstantial wisp (Swamp:2)
  A deep troll skeleton (Vaults:4)
  A naga (shapeshifter) (Vaults:1)
  10 porcupines
  9 water moccasins
  6 acid dragons
  11 swamp drakes
  3 phantoms
  A tengu skeleton (D:15)
  8 orc warriors
  3 black bears (D:8)
  4 ice beasts
  6 sky beasts
  An elf zombie (Vaults:4)
  3 necrophages
  An eye of draining (shapeshifter) (Vaults:3)
  8 wolves
  21 ogres
  9 boggarts
  6 centaurs
  2 human skeletons
  16 crocodiles
  A human zombie (Vaults:1)
  2 big kobolds
  26 bullfrogs
  A wyvern skeleton (D:14)
  4 scorpions
  5 killer bees (D:11)
  13 wights
  A howler monkey (D:6)
  2 electric eels (Lair:3)
  2 jellies
  A centaur zombie (D:12)
  4 crimson imps
  2 hounds
  A quasit (D:9)
  12 orc priests
  10 orc wizards
  A bullfrog skeleton (D:10)
  2 iguanas
  10 worker ants
  A hound skeleton (D:9)
  A worker ant zombie (D:8)
  3 gnolls (D:9)
  8 adders
  An adder skeleton (D:4)
  2 worms
  A leopard gecko (D:7)
  33 orcs
  4 giant cockroaches
  2 goblins (D:2)
  A hobgoblin (D:1)
  3 jackals
  3 quokkas
  A ball python (D:4)
  3 bats
  A frilled lizard (D:2)
  A jackal zombie (D:5)
  10 kobolds
  A leopard gecko skeleton (D:5)
  3 rats
  9 fungi
  8 plants
  A withered plant (D:15)
1008 creatures vanquished.

Vanquished Creatures (collateral kills)
  Arachne (Spider:3)
  An ironheart preserver (Vaults:5)
  A very ugly thing (Vaults:5)
  2 ettins (Vaults:5)
  A yaktaur captain (Vaults:5)
  A vault guard (Vaults:5)
  A deep elf archer (Vaults:2)
  A deep elf mage (Vaults:2)
  A yaktaur (Vaults:1)
  A hornet (Spider:3)
11 creatures vanquished.

Vanquished Creatures (others)
  A deep elf knight (Vaults:4)
  A vault sentinel (Vaults:5)
  2 yaktaurs
  3 slime creatures (Swamp:3)
  A human (Lair:4)
  A swamp worm (Swamp:1)
  A briar patch (Swamp:3)
  2 fungi
  18 plants
  A withered plant (D:15)
31 creatures vanquished.

Grand Total: 1050 creatures vanquished

Notes
Turn   | Place    | Note
-------+----------+-------------------------------------------
     0 | D:1      | FastMan the Minotaur Berserker began the quest for the Orb.
     0 | D:1      | Reached XP level 1. HP: 19/19 MP: 0/0
   143 | D:2      | Reached skill level 4 in Axes
   258 | D:2      | Reached XP level 2. HP: 24/27 MP: 1/1
   481 | D:4      | Reached skill level 5 in Axes
   481 | D:4      | Reached XP level 3. HP: 31/33 MP: 2/2
   513 | D:4      | Found a hide-covered altar of Uskayaw.
   542 | D:4      | Found a staircase to the Ecumenical Temple.
   562 | D:4      | Reached XP level 4. HP: 25/41 MP: 3/3
   785 | D:4      | Reached skill level 6 in Axes
   894 | D:4      | Reached XP level 5. HP: 41/47 MP: 4/4
  1008 | D:4      | Found a burning altar of Makhleb.
  1008 | D:4      | Noticed a cacodemon
  1011 | D:4      | Noticed a ynoxinul
  1011 | D:4      | Noticed an orange demon
  1167 | D:5      | Entered Level 5 of the Dungeon
  1192 | D:5      | Noticed an ice beast
  1198 | D:5      | Killed an ice beast
  1198 | D:5      | Reached skill level 5 in Fighting
  1228 | D:5      | Reached skill level 7 in Axes
  1228 | D:5      | Reached XP level 6. HP: 44/56 MP: 5/5
  1310 | D:5      | Reached skill level 8 in Axes
  1312 | D:5      | Reached XP level 7. HP: 63/63 MP: 6/6
  1363 | D:5      | Found a shadowy altar of Dithmenos.
  1538 | D:6      | Reached ** piety under Trog
  1538 | D:6      | Reached skill level 9 in Axes
  1887 | D:6      | Reached XP level 8. HP: 60/73 MP: 7/7
  2014 | D:6      | Reached skill level 10 in Axes
  2040 | D:6      | Found a glowing golden altar of the Shining One.
  2375 | D:7      | Noticed a two-headed ogre
  2382 | D:7      | Killed a two-headed ogre
  2382 | D:7      | Reached skill level 12 in Axes
  2382 | D:7      | Reached skill level 5 in Armour
  2382 | D:7      | Reached XP level 9. HP: 29/79 MP: 8/8
  2721 | D:7      | Reached *** piety under Trog
  3103 | D:8      | Noticed LogicNinja's ghost (novice BuEn)
  3107 | D:8      | Reached skill level 13 in Axes
  3132 | D:8      | Killed LogicNinja's ghost
  3149 | D:8      | Found a staircase to the Lair.
  3159 | D:8      | Reached XP level 10. HP: 51/86 MP: 9/9
  3314 | D:8      | Reached skill level 14 in Axes
  3458 | D:8      | Found a blossoming altar of Fedhas.
  3526 | D:8      | Found Wiylepta's Assorted Antiques.
  3531 | D:8      | Bought a pair of glowing boots for 165 gold pieces
  3536 | D:8      | Identified a +2 pair of boots of running (You bought it in a shop on level 8 of the Dungeon)
  3590 | D:8      | Found an ancient bone altar of Kikubaaqudgha.
  3718 | D:9      | Reached **** piety under Trog
  3867 | D:9      | Reached skill level 15 in Axes
  4169 | D:10     | Entered Level 10 of the Dungeon
  4481 | D:10     | Killed an unseen horror
  4558 | D:10     | Reached XP level 11. HP: 89/95 MP: 10/10
  4827 | D:11     | Noticed a five-headed hydra
  4835 | D:11     | Killed a nine-headed hydra
  5261 | D:11     | Reached skill level 16 in Axes
  5277 | D:11     | Reached skill level 10 in Armour
  5512 | D:11     | Noticed a two-headed ogre
  5518 | D:11     | Killed a two-headed ogre
  5555 | D:11     | Reached ***** piety under Trog
  5967 | D:11     | Noticed a two-headed ogre
  5975 | D:11     | Killed a two-headed ogre
  6143 | D:12     | Found Worouw's Armour Boutique.
  6143 | D:12     | Found Fadoih's Antique Weapon Emporium.
  6143 | D:12     | Found a staircase to the Orcish Mines.
  6146 | D:12     | Noticed Rupert
  6159 | D:12     | Killed Rupert
  6159 | D:12     | Reached skill level 17 in Axes
  6163 | D:12     | Reached skill level 10 in Fighting
  6195 | D:12     | Received a gift from Trog
  6317 | D:12     | Noticed Snorg
  6323 | D:12     | Killed Snorg
  6683 | D:12     | Reached XP level 12. HP: 103/106 MP: 11/11
  7652 | D:13     | Found Ywnisuo's Jewellery Shoppe.
  7700 | D:13     | Found a shadowy altar of Dithmenos.
  7793 | D:13     | Reached skill level 18 in Axes
  7909 | D:13     | Noticed a six-headed hydra
  7916 | D:13     | Killed an eight-headed hydra
  8198 | D:14     | Noticed a centaur warrior
  8206 | D:14     | Killed a centaur warrior
  8219 | D:14     | Noticed a two-headed ogre
  8229 | D:14     | Killed a two-headed ogre
  8594 | D:14     | Noticed a two-headed ogre
  8601 | D:14     | Killed a two-headed ogre
  9162 | D:14     | Noticed a two-headed ogre
  9167 | D:14     | Killed a two-headed ogre
  9167 | D:14     | Reached XP level 13. HP: 114/117 MP: 12/12
  9302 | D:14     | Found a gate to the Vaults.
  9307 | D:14     | Received a gift from Trog
  9307 | D:14     | Reached skill level 19 in Axes
  9358 | D:14     | Found a white marble altar of Elyvilon.
  9391 | D:15     | Entered Level 15 of the Dungeon
  9428 | D:15     | Found a staircase to the Depths.
 10335 | Lair:1   | Entered Level 1 of the Lair of Beasts
 10694 | Lair:2   | Found a hole to the Spider Nest.
 11199 | Lair:3   | Reached skill level 20 in Axes
 11946 | Lair:4   | You fall through a shaft!
 11965 | Lair:5   | Reached XP level 14. HP: 129/129 MP: 13/13
 12097 | Lair:4   | Received a gift from Trog
 12106 | Lair:4   | Noticed Kirke
 12116 | Lair:4   | Killed Kirke
 12301 | Lair:5   | Found a viscous altar of Jiyva.
 12301 | Lair:5   | Found a staircase to the Slime Pits.
 12663 | Lair:6   | Entered Level 6 of the Lair of Beasts
 12951 | Lair:6   | Reached skill level 21 in Axes
 13131 | Lair:6   | Received a gift from Trog
 13297 | Lair:6   | Reached skill level 5 in Dodging
 14011 | Lair:4   | Identified a scroll of acquirement
 14478 | Lair:4   | Got a scorched scale mail
 14489 | Lair:4   | Identified the +2 scale mail of Heemuh {+Fly rC+ rCorr Str+3} (You found it on level 4 of the Lair of Beasts)
 14508 | Lair:4   | Got a pair of distressingly furry boots
 14519 | Lair:4   | Identified the +0 pair of boots of Oshumaan {rPois Str-4 Int+8} (You acquired it on level 4 of the Lair of Beasts)
 14646 | Lair:4   | Found a staircase to the Swamp.
 14762 | Swamp:1  | Entered Level 1 of the Swamp
 14790 | Swamp:1  | Reached skill level 15 in Armour
 15020 | Swamp:2  | Reached XP level 15. HP: 133/139 MP: 14/14
 15026 | Swamp:2  | Received a gift from Trog
 15185 | Swamp:2  | Noticed Frances
 15197 | Swamp:2  | Killed Frances
 15477 | Swamp:3  | Noticed a thorn hunter
 15499 | Swamp:3  | Killed a thorn hunter
 16084 | Swamp:3  | Noticed a thorn hunter
 16089 | Swamp:3  | Killed a thorn hunter
 16153 | Swamp:3  | Reached skill level 15 in Fighting
 16827 | Swamp:4  | Entered Level 4 of the Swamp
 17214 | Swamp:4  | Received a gift from Trog
 17800 | Swamp:3  | Noticed a thorn hunter
 17854 | Swamp:3  | Killed a thorn hunter
 17854 | Swamp:3  | Reached skill level 22 in Axes
 18017 | Swamp:4  | Noticed Roxanne
 18112 | Swamp:4  | Noticed the 27-headed Lernaean hydra
 18119 | Swamp:4  | Killed the 24-headed Lernaean hydra
 18119 | Swamp:4  | Reached XP level 16. HP: 150/150 MP: 15/15
 18125 | Swamp:4  | Got a decaying rune of Zot
 18388 | Spider:1 | Entered Level 1 of the Spider Nest
 18866 | Spider:3 | Reached ****** piety under Trog
 19030 | Spider:3 | Received a gift from Trog
 19281 | Spider:3 | Noticed Arachne
 19305 | Spider:3 | Killed Arachne
 19714 | Spider:3 | Noticed Mara
 20099 | Spider:4 | Entered Level 4 of the Spider Nest
 20133 | Spider:4 | Reached skill level 10 in Dodging
 20908 | Spider:4 | Reached skill level 23 in Axes
 21155 | Spider:4 | Reached XP level 17. HP: 160/160 MP: 3/16
 21247 | Spider:4 | Got a gossamer rune of Zot
 21622 | Vaults:1 | Entered Level 1 of the Vaults
 22504 | Vaults:1 | Found Oleytet's Antique Armour Shoppe.
 22520 | Vaults:1 | Bought a distressingly furry cloak for 351 gold pieces
 22530 | Vaults:1 | Identified the +2 cloak of the Knight of Wands {*Slow +Inv rPois Int+3} (You bought it in a shop on level 1 of the Vaults)
 22595 | Vaults:1 | Received a gift from Trog
 23582 | Vaults:2 | HP: 3/162 [large abomination[a deep elf death mage] (7)]
 24069 | Vaults:2 | Noticed Sojobo
 24069 | Vaults:2 | Received a gift from Trog
 24074 | Vaults:2 | Reached skill level 24 in Axes
 24083 | Vaults:2 | Killed Sojobo
 24443 | Vaults:2 | Reached XP level 18. HP: 129/170 MP: 17/17
 25862 | Vaults:3 | Found a staircase to the Crypt.
 26100 | Vaults:3 | Paralysed by a sphinx for 3 turns
 26162 | Vaults:3 | Received a gift from Trog
 26359 | Vaults:4 | Found a flickering gateway to a bazaar.
 26463 | Bazaar   | Entered a bazaar
 26471 | Bazaar   | Found Nohakoz's Antique Armour Shop.
 26484 | Bazaar   | Found Tesiehir's Gadget Shop.
 26648 | Vaults:4 | Reached skill level 25 in Axes
 26926 | Vaults:4 | Reached XP level 19. HP: 175/180 MP: 18/18
 27243 | Vaults:4 | Received a gift from Trog
 27261 | Vaults:4 | Got a blackened battleaxe {god gift}
 27262 | Vaults:4 | Identified the +4 battleaxe of Abuse {drain, rC+ Int+7 Stlth-} (Trog gifted it to you on level 4 of the Vaults)
 27430 | Vaults:5 | Entered Level 5 of the Vaults
 27451 | Vaults:5 | Noticed a golden dragon
 27455 | Vaults:5 | Noticed a golden dragon
 27481 | Vaults:5 | Noticed a golden dragon
 27487 | Vaults:5 | Killed a golden dragon
 27508 | Vaults:5 | Noticed an ancient lich
 27552 | Vaults:5 | Killed an ancient lich
 27562 | Vaults:5 | Received a gift from Trog
 27566 | Vaults:5 | Noticed an ancient lich
 27581 | Vaults:5 | Killed an ancient lich
 27594 | Vaults:5 | Noticed an ancient lich
 27604 | Vaults:5 | Killed an ancient lich
 27617 | Vaults:5 | Reached skill level 26 in Axes
 27624 | Vaults:5 | HP: 3/182 [golden dragon (23)]
 27627 | Vaults:5 | Killed from afar by a golden dragon

Vault maps used:
D:1:      dpeg_arrival_more_subterranean_lakeside_camping, hex_intersection
D:2:      first_bread
D:3:      uniq_grinder
D:4:      eat_drink_and_be_merry_uskayaw, minmay_temple_entry_mist,
          serial_curves, eino_curves_03, eino_curves_01, portal_sewer_entry_e,
          kennysheep_donut, makhleb_altar_promises_db
D:5:      kennysheep_little_box, serial_glass, glass_columns_a, glass_columns_b,
          minmay_misc_feat_roman
D:6:      kennysheep_mini
D:7:      grunt_livestock, uniq_crazy_yiuf_cottage, uniq_joseph
D:8:      kiku_gazebo_pond_becter, minmay_lair_entry_grove, serial_shops, shop,
          fedhas_altar_4
D:11:     david_defended_altar_elf
D:12:     orc_0_dummy, serial_shops, shop, shop, kennysheep_generic_room_12,
          uniq_rupert, uniq_snorg
D:13:     serial_shops, nicolae_shop_temple_entry_statues_fountains,
          grunt_dithmenos_smoke_and_mirrors
D:14:     david_vaults_1, minmay_crystal_room, elyvilon_altar_3
D:15:     gammafunk_depths_entry_grave
Lair:1:   serial_bayou_pond_c, columned_hall_lemuel,
          nicolae_lair_grove_arrangements, minivault_11, wad_woods_road_06,
          serial_bayou_crossing, serial_bayou_shore_b, grunt_megastairs_2,
          uniq_gastronok
Lair:2:   spider_nest_entry_a
Lair:3:   lemuel_old_faithful, serial_bayou_shore_a, grunt_megastairs_1
Lair:4:   swamp_mist, grunt_megastairs_4, minmay_lair_oklob_chamber,
          serial_bayou_shore_b, serial_bayou_shore_b, uniq_kirke
Lair:5:   dpeg_slime_entry_enclosed_altar
Lair:6:   minmay_lair_end_frog_pond
Swamp:1:  nicolae_swamp_rocky_clearing
Swamp:2:  evilmike_swamp_ruin_house_5, uniq_frances
Swamp:3:  hangedman_swamp_ruin_wall, swamp_pool2, grunt_witch_cave
Swamp:4:  grunt_swamp_rune_castle, uniq_roxanne
Spider:1: uniq_aizul
Spider:3: guppyfry_hornet_nest, uniq_arachne, uniq_mara
Spider:4: grunt_spider_rune_circles
Vaults:1: vaults_room_pools, v_alt_pattern_3, vaults_room_ringed_pool,
          v_misc_12, grunt_vaults_twisty, ontoclasm_vaults_ring_square,
          vaults_room_grunt_arrival_ludios, vaults_room_corners, serial_shops,
          shop
Vaults:2: v_alt_pattern_2, vaults_standard_mumra_x, v_misc_25, v_misc_10,
          v_pattern_1, v_misc_5, nicolae_vaults_theta, ontoclasm_vaults_pinch,
          v_misc_30, ontoclasm_vaults_claustrophobia,
          nicolae_vaults_statue_guard, uniq_sojobo
Vaults:3: nicolae_vaults_mini_display_case, vaults_room_stairs_pillars,
          ontoclasm_vaults_shuriken, hangedman_vaults_cutoff,
          minmay_crypt_entry_simple_plaza, vaults_room_large_hall,
          nicolae_vaults_what_the_h, ontoclasm_vaults_decontamination,
          nicolae_vaults_little_ls, ontoclasm_vaults_gateway
Vaults:4: hangedman_vaults_pinch, nicolae_vaults_asterisk, vaults_dpeg_hooks,
          hangedman_vaults_slice, hangedman_vaults_snaps,
          vaults_mumra_chevron_long, nicolae_vaults_twisting_passages,
          nicolae_vaults_quadrants, vaults_dpeg_spiral,
          ontoclasm_vaults_ring_square, ontoclasm_vaults_ring_small, v_misc_30,
          serial_shops, bzr_entry_islet
Vaults:5: serial_shops
Bazaar:   bazaar_jpeg_cross

Skill      XL: |  1  2  3  4  5  6  7  8  9 10 11 12 13 14 15 16 17 18 19 |
---------------+----------------------------------------------------------+-----
Axes           | 4 5 6 7 8 9 12 13 15 17 18 20 21 22 23 24 25 26 | 26.0
Fighting       | 4 5 6 7 8 10 11 13 14 15 16 17 18 19 | 19.1
Armour         | 5 7 9 11 12 13 15 16 17 18 19 | 19.5
Dodging        | 5 8 10 12 13 14 | 14.3

Action                   |  1- 3 |  4- 6 |  7- 9 | 10-12 | 13-15 | 16-18 | 19-21 || total
-------------------------+-------+-------+-------+-------+-------+-------+-------++-------
Melee: Hand axe          |    48 |    52 |    43 |       |       |       |       ||   143
       Headbutt          |     4 |    14 |    26 |    78 |   199 |   240 |    48 ||   609
       Battleaxe         |       |       |   107 |   333 |   822 |   254 |       ||  1516
       Executioner's axe |       |       |       |       |       |   708 |   141 ||   849
Invok: Berserk           |     1 |     2 |     5 |    13 |    17 |    19 |     3 ||    60
       Burn Spellbooks   |       |       |     1 |     2 |     2 |     1 |     1 ||     7
       Trog's Hand       |       |       |       |     1 |     9 |    16 |     3 ||    29
       Brothers in Arms  |       |       |       |       |       |     4 |     3 ||     7
  Use: Scroll            |       |       |    14 |     9 |    11 |    11 |     9 ||    54
       Potion            |       |       |     6 |       |     1 |     6 |    10 ||    23
 Stab: Invisible         |       |       |     2 |       |       |       |       ||     2
       Distracted        |       |       |       |       |       |     3 |       ||     3
  Eat: Chunk             |       |     2 |    11 |    18 |    26 |    24 |       ||    81
       Royal jelly       |       |       |     1 |     1 |       |     1 |       ||     3
       Meat ration       |       |       |       |     1 |     4 |     4 |     2 ||    11
       Bread ration      |       |       |       |     1 |     2 |     1 |       ||     4
Armor: Animal skin       |     8 |       |       |       |       |       |       ||     8
       Scale mail        |     7 |     6 |       |       |       |       |       ||    13
       Chain mail        |       |    13 |    69 |   149 |   313 |   411 |       ||   955
       Plate armour      |       |       |       |    65 |   148 |    95 |    94 ||   402
Dodge: Dodged            |    36 |    25 |    59 |   184 |   420 |   652 |   147 ||  1523
Block: Other             |       |       |       |       |   134 |   203 |    40 ||   377
       Reflection        |       |       |       |       |     2 |    13 |     6 ||    21
